Description

tvt

Replay - Frostline LE (106)

Build Order

Get SALT Encoding   

  12  0:00  SCV  
  13  0:13  SCV  
  14  0:17  Supply Depot  
  14  0:25  SCV  
  15  0:39  SCV  
  15  0:40  Barracks  
  16  0:45  Refinery  
  16  0:51  SCV  
  17  1:03  SCV  
  18  1:15  SCV  
  19  1:28  Orbital Command  
  19  1:29  Reaper  
  20  1:45  Command Center  
  20  1:53  Supply Depot  
  20  1:56  SCV  
  21  2:02  Barracks Reactor  
  21  2:08  SCV  
  22  2:12  Barracks  
  22  2:20  SCV  
  23  2:24  Factory  
  23  2:31  Refinery  
  24  2:39  Marine x2  
  27  2:57  Marine x2  
  27  2:58  Orbital Command  
  29  3:02  Barracks Tech Lab  
  30  3:14  Starport  
  30  3:15  Marine x2  
  30  3:16  Factory Reactor  
  33  3:20  Marine  
  35  3:33  Marine x2, Stimpack  
  37  3:38  Marine  
  37  3:40  Supply Depot  
  42  3:59  Supply Depot  
  44  4:03  Medivac x2  
  52  4:17  Factory Tech Lab  
  52  4:23  Supply Depot  
  56  4:35  Medivac  
  62  4:58  Siege Tank  
  62  4:59  Command Center  
  64  5:02  Refinery  
  67  5:21  Refinery  
  69  5:36  Barracks  
  69  5:38  Engineering Bay x2  
Spawning Tool Build Advisor. Get it on Overwolf

Go to:

Details

  • Created by: Neytle
  • Published on: Apr 25, 2025
  • Modified on: Apr 25, 2025
  • Patch: 5.0.11
  • Difficulty: Medium
Show
View Real Time Build Order
Export as new Build Order

Comments (0)

There are no comments. Be the first!

Create an account to comment!